 Dungeon Crawl Stone Soup version 0.30-a0-672-gc3a7216ad8 (webtiles) character file.

Game seed: 15710070373744795377

69 wormed the Insei (level 4, -2/42 HPs)
             Began as an Octopode Transmuter on Jan 18, 2023.
             Splashed by a jelly's acid (9 damage)
             ... on level 3 of the Dungeon.
             The game lasted 00:02:19 (2568 turns).

wormed the Insei (Octopode Transmuter)              Turns: 2568, Time: 00:02:19

Health: -2/42      AC: -3    Str:  9    XL:     4   Next: 20%
Magic:  7/7        EV: 13    Int: 17    God:
Gold:   118        SH:  0    Dex: 12    Spells: 4/7 levels left

rFire   . . .      SeeInvis .      - Unarmed
rCold   . . .      Faith    .    (no shield)
rNeg    . . .      Spirit   .    (helmet restricted)
rPois   .          Reflect  .    (no amulet)
rElec   .          Harm     .    (no ring)
rCorr   .          Rampage  .    (no ring)
Will    .....                    (no ring) Stlth
                                 (no ring)
HPRegen 0.27/turn                (no ring)
MPRegen 0.10/turn                (no ring)
                                 (no ring)
                                 (no ring)

@: brilliant, berserking, corroded, very quick
A: almost no armour, amphibious, 8 rings, camouflage 1, gelatinous body 1,
(nimble swimmer 1), tentacles
a: no special abilities


You were on level 3 of the Dungeon.
You visited 1 branch of the dungeon, and saw 3 of its levels.

You collected 118 gold pieces.

Inventory:

Potions
 b - a potion of magic
 f - a potion of cancellation
 i - a potion of degeneration


   Skills:
 + Level 1.6 Fighting
 + Level 2.3 Dodging
 + Level 3.4 Unarmed Combat
 + Level 2.3 Spellcasting
 * Level 2.8 Transmutations
 + Level 1.0 Ice Magic


You had 4 spell levels left.
You knew the following spells:

 Your Spells              Type           Power      Damage    Failure   Level
a - Beastly Appendage     Tmut           34%        N/A       6%          1
b - Wereblood             Tmut           17%        N/A       9%          2

Your spell library contained the following spells:

 Spells                   Type           Power      Damage    Failure   Level
 Spider Form              Tmut/Pois      10%        N/A       30%         3
 Ice Form                 Ice/Tmut       13%        N/A       63%         4


Dungeon Overview and Level Annotations

Branches:
Dungeon (3/15)

Altars:


Innate Abilities, Weirdness & Mutations

You cannot wear most types of armour.
You are amphibious.
You can wear up to eight rings at the same time.
Your skin changes colour to match your surroundings (Stealth+).
Your rubbery body absorbs attacks. (AC +1, EV +1)
((You are camouflaged when in or above water. (Stealth+)))
You have tentacles for arms and can constrict up to eight enemies at once.


Message History

Your transformation is almost over.
There is an open door here.
You howl as the wereblood boils in your veins!
You see here a +0 whip.
You howl as the wereblood boils in your veins!
Your tentacle spike disappears.
There is an open door here.
You howl as the wereblood boils in your veins!
Your primal bloodlust is almost over.
You howl as the wereblood boils in your veins!
The jelly seems to regain its courage.
You howl as the wereblood boils in your veins!
You howl as the wereblood boils in your veins!
You are no longer corroded.
Your primal bloodlust has ended.
There is an open gate here.
You close the gate.
You hear a slurping noise.
The jelly eats the door!
The jelly attacks as you move away! The jelly hits you.
You are splashed with acid!
* * * LOW HITPOINT WARNING * * *
You feel better. The jelly hits you.
You are splashed with acid!
* * * LOW HITPOINT WARNING * * *
You feel better. The jelly hits you but does no damage.
You feel better. The jelly completely misses you.
You tentacle-slap the jelly but do no damage.
The acid corrodes you!
Your tentacles burn!
You squeeze the jelly.
The jelly is moderately wounded.
The jelly hits you.
You are splashed with acid!
* * * LOW HITPOINT WARNING * * *
It was a potion of brilliance.
You feel clever all of a sudden. The jelly barely misses you.
It was a potion of berserk rage.
A red film seems to cover your vision as you go berserk!
You feel yourself moving faster!
You feel mighty! The jelly hits you.
* * * LOW HITPOINT WARNING * * *
You are splashed with acid!
You die...

#.....#.#.# ###
#.....#.#.# #######.##.J
#...).#.#.####....#.#.#PP
#.....#.#..##.....#.#)#..
#..........+......#'#.#P.
#.....#.#..+.[......#.#..
#####)#.#.........[.#.#P.
#.#....##.......#.#รท.
#.#.@J.###......##'P.
#.#....# ##########..
#......## ### ###.....#
#.......#
#####.#.#.......
#...#.#.#...#.#<
#.#.#.#.#......
#.......#..##.#


You could see a jelly.

Vanquished Creatures
  3 gnolls (D:2)
  A worm (D:2)
  A dart slug (D:2)
  2 orcs (D:3)
  3 endoplasms
  A giant cockroach (D:2)
  2 hobgoblins
  10 kobolds
  2 ball pythons
  3 bats
  A frilled lizard (D:2)
  A goblin (D:1)
  6 rats
36 creatures vanquished.

Vanquished Creatures (others)
  4 fungi (D:3)
  7 toadstools (D:3)
11 creatures vanquished.

Grand Total: 47 creatures vanquished

Notes
Turn   | Place    | Note
-------+----------+-------------------------------------------
     0 | D:1      | wormed the Octopode Transmuter began the quest for the Orb.
     0 | D:1      | Reached XP level 1. HP: 13/13 MP: 3/3
   501 | D:1      | Found a faded altar of an unknown god.
  1034 | D:2      | Reached XP level 2. HP: 18/18 MP: 3/5
  1037 | D:2      | Learned a level 2 spell: Wereblood
  1164 | D:2      | Reached XP level 3. HP: 23/23 MP: 6/6
  1968 | D:2      | Reached skill level 1 in Ice Magic
  2399 | D:3      | Reached XP level 4. HP: 26/28 MP: 4/7
  2568 | D:3      | Splashed by a jelly's acid

Illustrated notes

Levels and vault maps discovered:
D:1:      amcnicky_arrival_single_pillar, layout_loops_corners,
          hellmonk_ecumenical_altar_crossroads
D:2:      layout_basic
D:3:      cheibrodos_fertilizer, layout_basic, ebering_ghost_sewer_f

Skill      XL: |  1  2  3 |
---------------+----------+-----
Ice Magic      | 1 |  1.0
Fighting       | |  1.6
Dodging        | |  2.3
Unarmed Combat | |  3.4
Spellcasting   | |  2.3
Transmutations | |  2.8

Action                   |  1- 3 |  4- 6 || total
-------------------------+-------+-------++-------
Melee: Unarmed           |    60 |    18 ||    78
       Constrict         |    15 |     4 ||    19
       Kick              |    11 |     6 ||    17
       Tentacles         |    12 |     2 ||    14
 Cast: Beastly Appendage |    15 |     3 ||    18
       Wereblood         |    12 |     3 ||    15
  Use: Potion            |     1 |     5 ||     6
       Scroll            |     9 |     1 ||    10
 Stab: Sleeping          |     3 |     1 ||     4
Armor: Skin              |     5 |     2 ||     7
Dodge: Dodged            |    31 |     3 ||    34

Table legend: (Time is in decaauts)
 A = Elapsed time spent in this place.
 B = Non-inter-level travel time spent in this place.
 C = Inter-level travel time spent in this place.
 D = Time resting spent in this place.
 E = Time spent auto-exploring this place.
 F = Levels seen in this place.
 G = Mean time per level.
                   A        B        C        D        E       F      G
               +--------+--------+--------+--------+--------+-----+--------+
         Total |   2563 |   2461 |    102 |    100 |   2051 |   3 |  854.3 |
       Dungeon |   2563 |   2461 |    102 |    100 |   2051 |   3 |  854.3 |
               +--------+--------+--------+--------+--------+-----+--------+

Top non-repeatable levels by time:
     D:2: 1317 daAuts
     D:1: 937 daAuts
     D:3: 308 daAuts
